2192 views
Uploaded 2023-10-17 00:32:23
Game version 1.36 (6115)
43:48 long 2on2 ladder game on (4)HillsbradCreek_S2
Saved by GIGA
2192 views
Uploaded 2023-10-17 00:32:23
Game version 1.36 (6115)
43:48 long 2on2 ladder game on (4)HillsbradCreek_S2


154 units @ 19.9k
/ 3.5k
65 buildings @ 11.9k
/ 6.4k
DoubleNNs
(2)
(43:45) : 


| Potion of Healing | 2 | 300 |
| Orb of Venom | 2 | 650 |
| Potion of Mana | 1 | 200 |
| Moonstone | 1 | 50 |
| Scroll of Town Portal | 7 | 2450 |
| Scroll of Healing | 3 | 750 |
| Boots of Speed | 1 | 250 |
| Scroll of Protection | 9 | 1350 |
| Potion of Lesser Invulnerability | 5 | 750 |
| total: | 31 | 6750g |
| Wisp | 71 | 4260 | / | 0 |
| Archer | 10 | 1300 | / | 100 |
| Huntress | 2 | 390 | / | 40 |
| Dryad | 4 | 580 | / | 240 |
| Chimaera | 8 | 2640 | / | 560 |
| Glaive Thrower | 2 | 420 | / | 130 |
| Druid of the Claw | 8 | 2040 | / | 640 |
| total: | 105 | 11630g | / | 1710w |
| Ancient Protector | 11 | 1485 | / | 880 |
| Moon Well | 6 | 1080 | / | 240 |
| Ancient of War | 1 | 150 | / | 60 |
| Altar of Elders | 2 | 360 | / | 100 |
| Hunter's Hall | 1 | 210 | / | 100 |
| Tree of Life | 10 | 3400 | / | 1850 |
| Ancient of Lore | 1 | 155 | / | 145 |
| Chimaera Roost | 1 | 140 | / | 190 |
| Tree of Ages | 1 | 320 | / | 180 |
| Tree of Eternity | 1 | 330 | / | 200 |
| total: | 33 | 6980g | / | 3565w |
| 0:03 | Wisp |
| 0:03 | Wisp |
| 0:03 | Wisp |
| 0:17 | Moon Well |
| 0:25 | Ancient of War |
| 0:31 | Wisp |
| 0:31 | Wisp |
| 0:31 | Wisp |
| 1:09 | Altar of Elders |
| 1:18 | Wisp |
| 1:23 | Moon Well |
| 1:28 | Archer |
| 1:32 | Wisp |
| 1:51 | Wisp |
| 1:53 | Archer |
| 2:09 | Moon Well |
| 2:22 | Archer |
| 2:28 | Black Arrow |
| 2:32 | Wisp |
| 2:40 | Archer |
| 2:59 | Archer |
| 3:17 | Tree of Ages |
| 3:33 | Hunter's Hall |
| 3:49 | Life Drain |
| 3:55 | Moon Well |
| 4:48 | Tree of Life |
| 4:51 | Huntress |
| 4:54 | Moon Armor |
| 5:42 | Improved Bows |
| 5:47 | Ancient of Lore |
| 5:57 | Strength of the Moon |
| 6:17 | Wisp |
| 6:17 | Wisp |
| 6:17 | Wisp |
| 6:17 | Wisp |
| 6:32 | Frost Arrows |
| 6:48 | Archer |
| 7:02 | Wisp |
| 7:02 | Wisp |
| 7:03 | Wisp |
| 7:03 | Wisp |
| 7:09 | Life Drain |
| 7:19 | Boots of Speed |
| 7:30 | Wisp |
| 8:20 | Dryad |
| 8:20 | Dryad |
| 8:20 | Dryad |
| 8:22 | Tree of Eternity |
| 8:27 | Strength of the Wild |
| 8:38 | Huntress |
| 8:51 | Scroll of Town Portal |
| 8:55 | Scroll of Protection |
| 8:56 | Scroll of Healing |
| 9:37 | Reinforced Hides |
| 9:37 | Improved Strength of the Wild |
| 9:39 | Druid of the Claw Adept Training |
| 9:39 | Abolish Magic |
| 9:45 | Forked Lightning |
| 10:16 | Wisp |
| 10:16 | Wisp |
| 10:16 | Wisp |
| 10:16 | Wisp |
| 10:16 | Wisp |
| 10:17 | Wisp |
| 10:17 | Wisp |
| 10:41 | Scroll of Protection |
| 10:42 | Scroll of Healing |
| 10:55 | Wisp |
| 10:56 | Wisp |
| 10:56 | Wisp |
| 10:56 | Wisp |
| 10:56 | Wisp |
| 10:56 | Wisp |
| 10:56 | Wisp |
| 11:01 | Chimaera Roost |
| 11:14 | Ancient Protector |
| 12:13 | Wisp |
| 12:13 | Wisp |
| 12:16 | Moon Well |
| 13:09 | Chimaera |
| 13:10 | Corrosive Breath |
| 13:17 | Improved Moon Armor |
| 13:18 | Well Spring |
| 13:21 | Archer |
| 13:23 | Glaive Thrower |
| 13:25 | Wisp |
| 13:25 | Wisp |
| 13:26 | Wisp |
| 13:29 | Ancient Protector |
| 13:40 | Scout |
| 13:47 | Scroll of Town Portal |
| 13:48 | Scroll of Protection |
| 13:49 | Potion of Lesser Invulnerability |
| 13:50 | Scroll of Healing |
| 14:02 | Druid of the Claw Master Training |
| 14:03 | Druid of the Claw |
| 14:32 | Tree of Life |
| 14:42 | Wisp |
| 15:47 | Mark of the Claw |
| 15:47 | Druid of the Claw |
| 15:51 | Black Arrow |
| 15:53 | Frost Arrows |
| 16:30 | Druid of the Claw |
| 16:32 | Archer |
| 16:32 | Marksmanship |
| 17:09 | Wisp |
| 17:09 | Wisp |
| 17:10 | Wisp |
| 17:10 | Wisp |
| 17:10 | Wisp |
| 17:10 | Wisp |
| 17:14 | Nature's Blessing |
| 17:37 | Chimaera |
| 17:39 | Trueshot Aura |
| 18:30 | Ancient Protector |
| 18:31 | Ultravision |
| 18:31 | Improved Reinforced Hides |
| 18:32 | Advanced Strength of the Wild |
| 18:32 | Improved Strength of the Moon |
| 19:07 | Scroll of Town Portal |
| 19:13 | Potion of Healing |
| 19:14 | Orb of Venom |
| 19:15 | Scroll of Town Portal |
| 19:15 | Potion of Healing |
| 19:16 | Potion of Mana |
| 19:17 | Moonstone |
| 20:02 | Ancient Protector |
| 20:15 | Ancient Protector |
| 20:18 | Ancient Protector |
| 20:26 | Ancient Protector |
| 20:28 | Wisp |
| 20:28 | Wisp |
| 20:28 | Wisp |
| 20:58 | Tree of Life |
| 22:14 | Tree of Life |
| 22:27 | Dryad |
| 22:30 | Druid of the Claw |
| 22:36 | Scroll of Protection |
| 22:36 | Scroll of Protection |
| 23:03 | Archer |
| 23:03 | Archer |
| 23:15 | Scroll of Town Portal |
| 23:16 | Scroll of Town Portal |
| 23:26 | Potion of Lesser Invulnerability |
| 23:46 | Tree of Life |
| 24:42 | Wisp |
| 24:47 | Wisp |
| 24:47 | Wisp |
| 26:22 | Potion of Lesser Invulnerability |
| 26:28 | Wisp |
| 26:28 | Wisp |
| 26:28 | Wisp |
| 26:28 | Wisp |
| 26:29 | Wisp |
| 26:32 | Advanced Moon Armor |
| 26:33 | Advanced Strength of the Moon |
| 26:33 | Advanced Reinforced Hides |
| 28:40 | Altar of Elders |
| 28:51 | Chimaera |
| 29:13 | Tree of Life |
| 29:35 | Ancient Protector |
| 29:38 | Ancient Protector |
| 29:42 | Ancient Protector |
| 29:45 | Ancient Protector |
| 30:16 | Chimaera |
| 30:16 | Chimaera |
| 30:16 | Chimaera |
| 30:19 | Druid of the Claw |
| 30:34 | Glaive Thrower |
| 30:49 | Vorpal Blades |
| 30:52 | Druid of the Claw |
| 31:10 | Moon Well |
| 31:41 | Wisp |
| 31:41 | Wisp |
| 31:41 | Wisp |
| 32:17 | Tree of Life |
| 32:33 | Chimaera |
| 32:41 | Scroll of Protection |
| 32:42 | Scroll of Protection |
| 32:59 | Wisp |
| 32:59 | Wisp |
| 33:04 | Tree of Life |
| 34:07 | Forked Lightning |
| 35:21 | Scout |
| 35:33 | Tree of Life |
| 35:44 | Wisp |
| 35:44 | Wisp |
| 35:45 | Wisp |
| 35:45 | Wisp |
| 35:45 | Wisp |
| 37:18 | Potion of Lesser Invulnerability |
| 37:20 | Scroll of Protection |
| 39:06 | Tree of Life |
| 39:29 | Orb of Venom |
| 39:31 | Scroll of Town Portal |
| 39:42 | Potion of Lesser Invulnerability |
| 39:43 | Scroll of Protection |
| 41:35 | Life Drain |
| 41:43 | Wisp |
| 41:44 | Wisp |
| 41:44 | Wisp |
| 41:45 | Wisp |
| 41:45 | Wisp |
| 42:45 | Chimaera |
| 42:47 | Druid of the Claw |
| 42:47 | Druid of the Claw |
| Right click | 1196 |
| Select | 603 |
| Select group | 600 |
| Build/train/purchase | 251 |
| Assign group | 178 |
| Use ability | 81 |
| Chat | 18 |
| Resource trade | 14 |
| Remove unit | 12 |
| Item give/drop | 4 |
| Minimap ping | 3 |


| Staff of Preservation | 2 | 300 |
| Lesser Clarity Potion | 1 | 70 |
| Orb of Venom | 2 | 650 |
| Potion of Healing | 1 | 150 |
| Scroll of Town Portal | 1 | 350 |
| Staff of Teleportation | 3 | 450 |
| total: | 10 | 1970g |
| Wisp | 20 | 1200 | / | 0 |
| Archer | 5 | 650 | / | 50 |
| Dryad | 8 | 1160 | / | 480 |
| Druid of the Claw | 3 | 765 | / | 240 |
| Chimaera | 8 | 2640 | / | 560 |
| Goblin Shredder | 5 | 1875 | / | 500 |
| total: | 49 | 8290g | / | 1830w |
| Ancient Protector | 16 | 2160 | / | 1280 |
| Altar of Elders | 1 | 180 | / | 50 |
| Moon Well | 6 | 1080 | / | 240 |
| Ancient of War | 1 | 150 | / | 60 |
| Ancient of Wonders | 1 | 90 | / | 30 |
| Hunter's Hall | 1 | 210 | / | 100 |
| Tree of Life | 1 | 340 | / | 185 |
| Ancient of Lore | 2 | 310 | / | 290 |
| Chimaera Roost | 3 | 420 | / | 570 |
| Tree of Ages | 1 | 320 | / | 180 |
| Tree of Eternity | 1 | 330 | / | 200 |
| total: | 32 | 4940g | / | 2805w |
| 0:03 | Wisp |
| 0:03 | Wisp |
| 0:04 | Wisp |
| 0:08 | Altar of Elders |
| 0:19 | Moon Well |
| 0:33 | Wisp |
| 0:37 | Ancient of War |
| 0:47 | Wisp |
| 0:54 | Wisp |
| 1:08 | Wisp |
| 1:08 | Wisp |
| 1:08 | Wisp |
| 1:08 | Wisp |
| 1:28 | Moon Well |
| 1:36 | Wisp |
| 1:38 | Archer |
| 1:47 | Ancient of Wonders |
| 1:51 | Wisp |
| 2:10 | Evasion |
| 2:19 | Wisp |
| 2:19 | Wisp |
| 2:19 | Wisp |
| 2:53 | Archer |
| 2:58 | Archer |
| 3:14 | Tree of Ages |
| 3:27 | Archer |
| 3:37 | Archer |
| 3:48 | Mana Burn |
| 3:53 | Hunter's Hall |
| 4:29 | Moon Well |
| 4:33 | Moon Well |
| 5:37 | Frost Arrows |
| 5:40 | Staff of Preservation |
| 5:41 | Lesser Clarity Potion |
| 5:51 | Ancient of Lore |
| 5:54 | Ancient of Lore |
| 6:13 | Mana Burn |
| 6:39 | Tree of Eternity |
| 7:34 | Dryad |
| 8:01 | Tree of Life |
| 8:14 | Forked Lightning |
| 8:17 | Abolish Magic |
| 8:17 | Druid of the Claw Adept Training |
| 8:19 | Druid of the Claw |
| 8:41 | Moon Well |
| 8:42 | Moon Well |
| 9:06 | Druid of the Claw Master Training |
| 9:19 | Goblin Shredder |
| 9:19 | Goblin Shredder |
| 9:19 | Goblin Shredder |
| 9:19 | Goblin Shredder |
| 9:19 | Goblin Shredder |
| 9:40 | Staff of Preservation |
| 10:28 | Druid of the Claw |
| 10:29 | Strength of the Wild |
| 10:30 | Reinforced Hides |
| 12:06 | Chimaera Roost |
| 12:07 | Chimaera Roost |
| 12:08 | Chimaera Roost |
| 12:11 | Wisp |
| 12:11 | Wisp |
| 12:11 | Wisp |
| 12:26 | Improved Strength of the Wild |
| 12:34 | Scroll of Town Portal |
| 12:35 | Orb of Venom |
| 12:59 | Hardened Skin |
| 12:59 | Resistant Skin |
| 13:24 | Improved Reinforced Hides |
| 13:25 | Ultravision |
| 13:25 | Well Spring |
| 13:33 | Corrosive Breath |
| 13:35 | Chimaera |
| 13:43 | Chimaera |
| 14:01 | Evasion |
| 14:06 | Druid of the Claw |
| 14:29 | Advanced Strength of the Wild |
| 14:49 | Chimaera |
| 14:57 | Frost Arrows |
| 15:57 | Chimaera |
| 17:00 | Advanced Reinforced Hides |
| 17:02 | Dryad |
| 17:48 | Chimaera |
| 19:35 | Ancient Protector |
| 19:36 | Ancient Protector |
| 19:37 | Ancient Protector |
| 19:38 | Ancient Protector |
| 19:39 | Ancient Protector |
| 19:59 | Dryad |
| 20:31 | Ancient Protector |
| 20:35 | Ancient Protector |
| 20:38 | Ancient Protector |
| 20:46 | Nature's Blessing |
| 20:49 | Forked Lightning |
| 21:24 | Staff of Teleportation |
| 21:54 | Staff of Teleportation |
| 22:16 | Dryad |
| 22:16 | Dryad |
| 24:09 | Staff of Teleportation |
| 24:55 | Chimaera |
| 25:33 | Dryad |
| 25:39 | Chimaera |
| 25:42 | Wisp |
| 25:42 | Wisp |
| 26:03 | Dryad |
| 26:37 | Potion of Healing |
| 26:37 | Orb of Venom |
| 29:00 | Ancient Protector |
| 29:01 | Ancient Protector |
| 29:02 | Ancient Protector |
| 29:03 | Ancient Protector |
| 29:04 | Ancient Protector |
| 29:25 | Dryad |
| 32:57 | Ancient Protector |
| 32:58 | Ancient Protector |
| 32:59 | Ancient Protector |
| 34:31 | Mana Burn |
| 35:59 | Chimaera |
| Right click | 2089 |
| Select | 702 |
| Build/train/purchase | 137 |
| Use ability | 94 |
| Chat | 11 |
| Resource trade | 6 |
| Misc. action | 5 |
| Item give/drop | 3 |
| Minimap ping | 3 |
| Remove unit | 1 |
68 units @ 7.6k
/ 1.2k
90 buildings @ 9k
/ 4.1k
GIGA
(207)
(43:47) : 

| Healing Salve | 4 | 400 |
| Lesser Clarity Potion | 6 | 420 |
| Scroll of Speed | 1 | 50 |
| Potion of Mana | 1 | 200 |
| Orb of Lightning | 1 | 375 |
| Boots of Speed | 1 | 250 |
| Staff of Teleportation | 1 | 150 |
| Circlet of Nobility | 1 | 175 |
| total: | 16 | 2020g |
| Peon | 11 | 825 | / | 0 |
| Grunt | 3 | 600 | / | 0 |
| Troll Witch Doctor | 9 | 1305 | / | 225 |
| Goblin Shredder | 1 | 375 | / | 100 |
| total: | 24 | 3105g | / | 325w |
| Watch Tower | 19 | 2090 | / | 1520 |
| Altar of Storms | 1 | 180 | / | 50 |
| Orc Burrow | 8 | 1280 | / | 320 |
| Barracks | 2 | 360 | / | 100 |
| Voodoo Lounge | 2 | 260 | / | 60 |
| War Mill | 2 | 410 | / | 0 |
| Spirit Lodge | 1 | 150 | / | 150 |
| Stronghold | 1 | 315 | / | 190 |
| Fortress | 1 | 325 | / | 190 |
| total: | 35 | 4730g | / | 2200w |
| 0:02 | Peon |
| 0:02 | Peon |
| 0:07 | Altar of Storms |
| 0:12 | Orc Burrow |
| 0:31 | Peon |
| 0:45 | Peon |
| 0:52 | Barracks |
| 0:56 | Barracks |
| 0:59 | Peon |
| 1:24 | Voodoo Lounge |
| 1:27 | Peon |
| 1:40 | Orc Burrow |
| 1:46 | Peon |
| 1:46 | Peon |
| 2:01 | Grunt |
| 2:11 | Wind Walk |
| 2:23 | Grunt |
| 2:39 | Peon |
| 2:39 | Peon |
| 3:09 | Peon |
| 3:12 | Grunt |
| 3:14 | Healing Salve |
| 3:43 | War Mill |
| 3:52 | Critical Strike |
| 4:04 | Stronghold |
| 5:02 | Healing Salve |
| 5:02 | Lesser Clarity Potion |
| 5:02 | Scroll of Speed |
| 5:53 | Watch Tower |
| 5:53 | Watch Tower |
| 5:55 | Watch Tower |
| 5:56 | Orc Burrow |
| 6:49 | Wind Walk |
| 7:01 | Watch Tower |
| 7:03 | Watch Tower |
| 7:10 | Reinforced Defenses |
| 7:30 | Fortress |
| 8:26 | War Mill |
| 8:34 | Goblin Shredder |
| 8:55 | Spiked Barricades |
| 8:59 | Lesser Clarity Potion |
| 9:02 | Potion of Mana |
| 9:05 | Healing Salve |
| 9:28 | Boots of Speed |
| 9:29 | Staff of Teleportation |
| 10:15 | Hex |
| 10:23 | Spirit Lodge |
| 10:35 | Improved Spiked Barricades |
| 10:41 | Lesser Clarity Potion |
| 10:44 | Orb of Lightning |
| 11:12 | Watch Tower |
| 11:13 | Watch Tower |
| 12:00 | Witch Doctor Adept Training |
| 12:05 | Orc Burrow |
| 12:24 | Lesser Clarity Potion |
| 13:12 | Voodoo Lounge |
| 13:28 | Watch Tower |
| 13:33 | Watch Tower |
| 13:38 | Watch Tower |
| 13:44 | Circlet of Nobility |
| 14:42 | Healing Salve |
| 14:46 | Lesser Clarity Potion |
| 16:30 | Critical Strike |
| 17:07 | Healing Wave |
| 17:47 | Witch Doctor Master Training |
| 17:47 | Troll Witch Doctor |
| 17:47 | Troll Witch Doctor |
| 17:47 | Troll Witch Doctor |
| 17:52 | Orc Burrow |
| 17:55 | Orc Burrow |
| 17:58 | Orc Burrow |
| 19:15 | Healing Wave |
| 20:36 | Critical Strike |
| 20:44 | Orc Burrow |
| 25:43 | Troll Witch Doctor |
| 25:43 | Troll Witch Doctor |
| 25:43 | Troll Witch Doctor |
| 26:02 | Lesser Clarity Potion |
| 26:21 | Holy Light |
| 26:32 | Troll Witch Doctor |
| 27:51 | Hex |
| 28:15 | Bladestorm |
| 35:14 | Troll Witch Doctor |
| 35:14 | Troll Witch Doctor |
| 35:35 | Watch Tower |
| 35:38 | Watch Tower |
| 35:45 | Watch Tower |
| 35:48 | Watch Tower |
| 35:48 | Watch Tower |
| 36:53 | Healing Wave |
| 37:00 | Watch Tower |
| 37:03 | Watch Tower |
| 37:05 | Watch Tower |
| 37:06 | Watch Tower |
| 40:11 | Brilliance Aura |
| 41:38 | Wind Walk |
| 42:52 | Holy Light |
| 43:47 | Blizzard |
| Right click | 3916 |
| Select group | 1496 |
| Select | 520 |
| Build/train/purchase | 115 |
| Use ability | 40 |
| Resource trade | 32 |
| Minimap ping | 17 |
| Assign group | 13 |
| Item give/drop | 13 |
| Misc. action | 9 |
| Chat | 9 |
| Esc | 2 |


| Scroll of Regeneration | 1 | 100 |
| Boots of Speed | 1 | 250 |
| Healing Salve | 1 | 100 |
| total: | 3 | 450g |
| Peasant | 18 | 1350 | / | 0 |
| Footman | 3 | 405 | / | 0 |
| Mortar Team | 4 | 720 | / | 280 |
| Flying Machine | 18 | 1800 | / | 540 |
| Goblin Sapper | 1 | 215 | / | 100 |
| total: | 44 | 4490g | / | 920w |
| Scout Tower | 25 | 750 | / | 500 |
| Arcane Tower | 4 | 280 | / | 200 |
| Guard Tower | 9 | 630 | / | 450 |
| Altar of Kings | 3 | 540 | / | 150 |
| Farm | 17 | 1360 | / | 340 |
| Barracks | 1 | 160 | / | 60 |
| Lumber Mill | 2 | 240 | / | 0 |
| Town Hall | 1 | 385 | / | 205 |
| Blacksmith | 1 | 140 | / | 60 |
| Arcane Vault | 1 | 130 | / | 30 |
| Cannon Tower | 1 | 120 | / | 100 |
| Workshop | 4 | 560 | / | 560 |
| Keep | 1 | 320 | / | 210 |
| Castle | 1 | 360 | / | 210 |
| total: | 55 | 4265g | / | 1905w |
| 0:02 | Peasant |
| 0:06 | Altar of Kings |
| 0:07 | Peasant |
| 0:21 | Farm |
| 0:23 | Barracks |
| 0:24 | Peasant |
| 0:33 | Peasant |
| 0:43 | Peasant |
| 0:55 | Peasant |
| 1:28 | Footman |
| 1:42 | Farm |
| 1:48 | Lumber Mill |
| 2:10 | Peasant |
| 2:11 | Farm |
| 2:13 | Farm |
| 2:24 | Peasant |
| 2:29 | Footman |
| 2:31 | Peasant |
| 2:38 | Storm Bolt |
| 2:51 | Scout Tower |
| 2:53 | Footman |
| 2:54 | Peasant |
| 3:23 | Arcane Tower |
| 3:24 | Peasant |
| 3:52 | Scout Tower |
| 3:54 | Scout Tower |
| 3:57 | Scout Tower |
| 4:36 | Town Hall |
| 4:44 | Peasant |
| 4:47 | Guard Tower |
| 4:48 | Peasant |
| 5:04 | Bash |
| 5:21 | Healing Salve |
| 5:43 | Scout Tower |
| 5:43 | Scout Tower |
| 5:45 | Scout Tower |
| 5:46 | Scout Tower |
| 5:47 | Scout Tower |
| 5:49 | Scout Tower |
| 5:49 | Scout Tower |
| 5:50 | Scout Tower |
| 5:51 | Scout Tower |
| 5:58 | Peasant |
| 5:58 | Peasant |
| 6:00 | Improved Lumber Harvesting |
| 6:00 | Improved Masonry |
| 6:08 | Keep |
| 6:14 | Guard Tower |
| 6:22 | Guard Tower |
| 6:26 | Scout Tower |
| 6:36 | Peasant |
| 6:36 | Peasant |
| 6:36 | Peasant |
| 6:48 | Storm Bolt |
| 6:58 | Guard Tower |
| 7:08 | Scout Tower |
| 7:11 | Arcane Tower |
| 7:13 | Scout Tower |
| 7:17 | Blacksmith |
| 7:21 | Arcane Vault |
| 7:24 | Arcane Tower |
| 7:39 | Guard Tower |
| 8:18 | Boots of Speed |
| 8:28 | Black Gunpowder |
| 8:29 | Castle |
| 8:31 | Workshop |
| 8:33 | Workshop |
| 8:34 | Workshop |
| 8:35 | Workshop |
| 8:41 | Scout Tower |
| 8:41 | Scout Tower |
| 9:28 | Goblin Sapper |
| 9:40 | Guard Tower |
| 9:43 | Flak Cannons |
| 10:21 | Mortar Team |
| 10:25 | Farm |
| 10:27 | Refined Gunpowder |
| 10:29 | Farm |
| 10:44 | Holy Light |
| 10:52 | Farm |
| 11:05 | Guard Tower |
| 11:15 | Scout Tower |
| 11:17 | Scout Tower |
| 11:18 | Scout Tower |
| 11:19 | Scout Tower |
| 12:07 | Flying Machine Bombs |
| 12:07 | Fragmentation Shards |
| 12:07 | Flare |
| 12:13 | Guard Tower |
| 12:15 | Imbued Gunpowder |
| 13:16 | Guard Tower |
| 13:36 | Flying Machine |
| 13:37 | Flying Machine |
| 13:37 | Flying Machine |
| 13:37 | Flying Machine |
| 13:37 | Flying Machine |
| 13:37 | Flying Machine |
| 13:38 | Flying Machine |
| 13:44 | Farm |
| 13:45 | Farm |
| 13:46 | Farm |
| 13:49 | Farm |
| 14:08 | Iron Plating |
| 14:12 | Advanced Lumber Harvesting |
| 14:12 | Advanced Masonry |
| 15:02 | Flying Machine |
| 15:02 | Flying Machine |
| 15:54 | Flying Machine |
| 15:54 | Flying Machine |
| 15:54 | Flying Machine |
| 15:54 | Flying Machine |
| 15:54 | Flying Machine |
| 16:41 | Altar of Kings |
| 16:53 | Steel Plating |
| 17:12 | Divine Shield |
| 17:29 | Scroll of Regeneration |
| 17:45 | Scout Tower |
| 17:46 | Scout Tower |
| 17:46 | Scout Tower |
| 18:17 | Bash |
| 20:41 | Farm |
| 20:42 | Farm |
| 20:43 | Farm |
| 20:44 | Farm |
| 20:47 | Farm |
| 20:48 | Farm |
| 23:00 | Mortar Team |
| 23:00 | Flying Machine |
| 23:01 | Flying Machine |
| 23:02 | Flying Machine |
| 23:02 | Flying Machine |
| 23:24 | Mortar Team |
| 23:24 | Mortar Team |
| 27:15 | Storm Bolt |
| 32:15 | Divine Shield |
| 35:40 | Altar of Kings |
| 39:03 | Arcane Tower |
| 39:10 | Cannon Tower |
| 39:18 | Lumber Mill |
| 43:16 | Avatar |
| Right click | 2244 |
| Select group | 1109 |
| Select | 542 |
| Build/train/purchase | 110 |
| Use ability | 92 |
| Misc. action | 89 |
| Assign group | 29 |
| Resource trade | 11 |
| Esc | 9 |
| Minimap ping | 7 |
| Chat | 4 |
| Remove unit | 1 |